 Dungeon Crawl Stone Soup version 0.23.1 (webtiles) character file.

Game seed: 6005260340509682909

35 night the Magician (level 3, -2/24 HPs)
             Began as a Demonspawn Wizard on Mar 17, 2019.
             Was an Initiate of Cheibriados.
             Slain by a worm (8 damage)
             ... on level 2 of the Dungeon.
             The game lasted 00:03:30 (1681 turns).

night the Magician (Demonspawn Wizard)              Turns: 1681, Time: 00:03:30

Health: -2/24      AC:  6    Str:  8    XL:     3   Next: 16%
Magic:  7/7        EV:  8    Int: 21    God:    Cheibriados [......]
Gold:   19         SH:  0    Dex: 12    Spells: 7/8 levels left

rFire    + . .     SeeInvis .     - Unarmed
rCold    . . .     Gourm    .   (no shield)
rNeg     . . .     Faith    .   i - +0 scale mail {rF+}
rPois    .         Spirit   .   b - +0 hat
rElec    .         Reflect  .   (no cloak)
rCorr    .         Harm     .   (no gloves)
MR       .....                  (no boots)
Stlth    ..........             (no amulet)
HPRegen  0.08/turn              (no ring)
MPRegen  0.10/turn              (no ring)

@: very slow
A: antennae 1, demonic guardian 1
a: Bend Time, Renounce Religion


You were on level 2 of the Dungeon.
You worshipped Cheibriados.
Cheibriados was noncommittal.
You were not hungry.

You visited 1 branch of the dungeon, and saw 2 of its levels.

You collected 19 gold pieces.

Inventory:

Hand Weapons
 f - a +0 hunting sling
Missiles
 e - 46 stones (quivered)
 j - 4 poisoned tomahawks
Armour
 a - a +0 robe
 b - a +0 hat (worn)
 i - a +0 scale mail of fire resistance (worn)
Jewellery
 g - an uncursed amulet of harm {unknown}
Scrolls
 c - 2 scrolls of teleportation {unknown}
 k - 2 scrolls of immolation {unknown}
Comestibles
 d - a ration
 h - 2 chunks of flesh


   Skills:
 - Level 1.7 Dodging
 - Level 1.7 Stealth
 * Level 2.4 Unarmed Combat
 - Level 3.0 Spellcasting
 - Level 1.0 Conjurations
   Level 1.0 Summonings
   Level 0.8 Translocations
 + Level 1.1 Invocations


You had 7 spell levels left.
You knew the following spells:

 Your Spells              Type           Power        Failure   Level  Hunger
a - Magic Dart            Conj           #...         65%         1    None

Your spell library contained the following spells:

 Spells                   Type           Power        Failure   Level  Hunger
 Call Imp                 Summ           #.......     80%         2    ##.....
 Blink                    Tloc           N/A          82%         2    ##.....
 Slow                     Hex            #.......     90%         2    ##.....
 Conjure Flame            Conj/Fire      #.......     97%         3    ###....
 Mephitic Cloud           Conj/Pois/Air  #.......     98%         3    ###....


Dungeon Overview and Level Annotations

Branches:
Dungeon (2/15)

Altars:
Cheibriados


Innate Abilities, Weirdness & Mutations

You have a pair of small antennae on your head.
A weak demonic guardian rushes to your aid.


Message History

The worm is heavily wounded.
The worm bites you.
You hit the worm but do no damage.
The worm is moderately wounded.
The worm bites you.
You hit the worm.
The worm is heavily wounded.
You hit the worm.
The worm is severely wounded.
The worm bites you.
You hit the worm but do no damage.
The worm is severely wounded.
You hit the worm.
The worm is severely wounded.
The worm bites you.
* * * LOW HITPOINT WARNING * * *
You hit the worm but do no damage.
The worm is severely wounded.
The worm bites you!
You die...

#.# #. . #.# #. . #.# #.
#. #.####. #. #....#.
#.# ####......
#####..########.......).
.........÷...÷..........
#.....w@.######.....#...
#.....(..#.....)....#.##
#........#.......÷....#.
#........#.......##.#.#.
#...................#...
###....#..#.##........#.
#....#..#. #....#.....
..####..# ......#.....
....<.#.##..


You could see a worm.

Vanquished Creatures
  An adder (D:2)
  A dart slug (D:2)
  3 bats
  2 giant cockroaches
  2 goblins (D:2)
  5 hobgoblins
  A quokka (D:2)
  2 frilled lizards (D:1)
  A kobold (D:1)
  4 rats
22 creatures vanquished.

Notes
Turn   | Place    | Note
-------+----------+-------------------------------------------
     0 | D:1      | night the Demonspawn Wizard began the quest for the Orb.
     0 | D:1      | Reached XP level 1. HP: 13/13 MP: 4/4
   291 | D:1      | Reached skill level 1 in Unarmed Combat
   578 | D:1      | Gained mutation: You have a pair of small antennae on your
                  | head. [demonic ancestry]
   578 | D:1      | Reached XP level 2. HP: 7/19 MP: 0/6
  1026 | D:2      | Found a snail-covered altar of Cheibriados.
  1034 | D:2      | Became a worshipper of Cheibriados the Contemplative
  1222 | D:2      | Reached skill level 1 in Invocations
  1222 | D:2      | Gained mutation: A weak demonic guardian rushes to your
                  | aid. [demonic ancestry]
  1222 | D:2      | Reached XP level 3. HP: 7/24 MP: 7/7
  1232 | D:2      | HP: 1/24 [poisoned by an adder]
  1237 | D:2      | HP: 1/24 [poisoned by an adder]
  1681 | D:2      | Slain by a worm

Skill      XL: |  1  2 |
---------------+-------+-----
Unarmed Combat | 1 2 |  2.4
Invocations    | 1 |  1.1
Dodging        | |  1.7
Stealth        | |  1.7
Spellcasting   | |  3.0
Conjurations   | |  1.0
Summonings     | |  1.0
Translocations | |  0.8

Action                   || total
-------------------------++-------
Melee: Unarmed           ||   159
 Cast: Magic Dart        ||     6
Invok: Bend Time         ||     1
  Eat: Chunk             ||     3
Armor: Scale mail        ||    75
       Robe              ||     1
Dodge: Dodged            ||    75
